 Dungeon Crawl Stone Soup version 0.30-a0-702-gdf48620a09 (webtiles) character file.

Game seed: 3495939426175673516

4799 Crownlay the Scholar of Death (level 10, -5/73 HPs)
             Began as a Demonspawn Necromancer on Jan 21, 2023.
             Was a Follower of Kikubaaqudgha.
             Shot with an arrow by a centaur warrior (26 damage)
             ... on level 7 of the Dungeon.
             The game lasted 00:21:35 (8202 turns).

Crownlay the Scholar of Death (DsNe)                Turns: 8202, Time: 00:21:35

Health: -5/73      AC:  6    Str: 10    XL:     10   Next: 24%
Magic:  24/26      EV: 10    Int: 22    God:    Kikubaaqudgha [*.....]
Gold:   28         SH: 10    Dex: 15    Spells: 11/19 levels left

rFire   . . .      SeeInvis .    I - +9 dagger of Spite {flame, Str+2}
rCold   . . .      Faith    .    t - +0 buckler
rNeg    . . .      Spirit   .    c - +0 ring mail
rPois   .          Reflect  +    (no helmet)
rElec   .          Harm     .    (cloak unavailable)
rCorr   .          Rampage  +    y - +0 pair of gloves
Will    +....                    (no boots)
Stlth   +                        G - amulet of Attitude {Reflect Rampage SH+5}
HPRegen 0.32/turn                h - ring of magical power
MPRegen 0.20/turn                p - ring of willpower

@: no status effects
A: powered by death 1, spiny 2, big brain 1, weakness stinger 3
a: Renounce Religion, Unearth Wretches


You were on level 7 of the Dungeon.
You worshipped Kikubaaqudgha.
Kikubaaqudgha was aware of your devotion.
You visited 2 branches of the dungeon, and saw 8 of its levels.
You also visited: Sewer.

You collected 334 gold pieces.
You spent 306 gold pieces at shops.

Inventory:

Hand Weapons
 I - the +9 dagger of Spite (weapon) {flame, Str+2}
   (You found it on level 6 of the Dungeon)

   Str:       It affects your strength (+2).
Armour
 c - a +0 ring mail (worn)
 t - a +0 buckler (worn)
 y - a +0 pair of gloves (worn)
Jewellery
 h - a ring of magical power (left hand)
 j - a ring of ice
 l - a ring of ice
 p - a ring of willpower (right hand)
 G - the amulet of Attitude (around neck) {Reflect Rampage SH+5}
   (You took it off an orc priest on level 6 of the Dungeon)

   [amulet of reflection]

   It reflects blocked missile attacks.
   SH:        It affects your SH (+5).
   Rampage:   It bestows one free step when moving towards enemies.
 J - a +6 ring of intelligence
Wands
 a - a wand of roots (8)
 i - a wand of digging (5)
 F - a wand of charming (11)
Scrolls
 d - 4 scrolls of enchant armour {unknown}
 e - 2 scrolls of brand weapon {unknown}
 f - 3 scrolls of immolation
 g - a scroll of silence {unknown}
 n - 2 scrolls of fog {unknown}
 u - 3 scrolls of teleportation
 D - a scroll of magic mapping {unknown}
 E - a scroll of poison
 H - a scroll of enchant weapon {unknown}
Potions
 b - 2 potions of magic
 k - 3 potions of flight
 m - 2 potions of cancellation {unknown}
 o - a potion of invisibility {unknown}
 q - 4 potions of mutation {unknown}
 r - a potion of resistance {unknown}
 s - 2 potions of brilliance {unknown}
 w - 2 potions of berserk rage {unknown}
 x - a potion of attraction {unknown}
 z - 5 potions of curing
 A - 2 potions of haste
 B - 2 potions of might
 C - 2 potions of lignification {unknown}


   Skills:
 * Level 4.4 Fighting
 - Level 1.7 Dodging
 - Level 1.7 Stealth
 + Level 3.9 Shields
 - Level 5.0 Spellcasting
 + Level 4.0 Conjurations
 - Level 1.0 Summonings
 + Level 11.0 Necromancy
 - Level 3.0 Transmutations
 - Level 4.0 Earth Magic
 + Level 4.3 Evocations


You had 11 spell levels left.
You knew the following spells:

 Your Spells              Type           Power      Damage    Failure   Level
a - Necrotise             Necr           100%       1d9       1%          1
b - Vampiric Draining     Necr           53%        2d9       1%          3
c - Animate Dead          Necr           53%        N/A       3%          4

Your spell library contained the following spells:

 Spells                   Type           Power      Damage    Failure   Level
 Kiss of Death            Conj/Necr      100%       2d13      1%          1
 Sublimation of Blood     Necr           53%        N/A       1%          2
 Agony                    Necr           53%        N/A       10%         5
 Cigotuvi's Dreadful Rot  Necr/Pois/Air  42%        N/A       12%         2
 Wereblood                Tmut           18%        N/A       16%         2
 Summon Small Mammal      Summ           36%        N/A       22%         1
 Apportation              Tloc           10%        N/A       34%         1
 Anguish                  Hex/Necr       14%        N/A       34%         4
 Ensorcelled Hibernation  Hex/Ice        10%        N/A       45%         2
 Spider Form              Tmut/Pois      12%        N/A       50%         3
 Summon Hydra             Summ           4%         N/A       100%        7


Dungeon Overview and Level Annotations

Branches:
Dungeon (7/15)             Temple (1/1) D:6           Sewer (visited)

Altars:
Ashenzari
Cheibriados
Fedhas
Gozag
Kikubaaqudgha
Makhleb
Nemelex Xobeh
Okawaru
Qazlal
Ru
Sif Muna
Uskayaw
Vehumet
Wu Jian
Xom
Yredelemnul

Shops:
D:4 !   D:6 *   D:7 ?(


Innate Abilities, Weirdness & Mutations

You regenerate a little health from kills.
You are mostly covered in sharp spines.
You have an unusually large brain. (Int +2)
You have a sharp stinger which inflicts weakening toxins.


Message History

A centaur warrior comes into view.
It is wielding a +0 hand axe and wearing the ring of Cerun {rC+ Will+ rCorr}.
The centaur warrior unwields a +0 hand axe.
The centaur warrior wields a +0 shortbow.
The centaur warrior shoots an arrow.
The arrow hits you!!
The centaur warrior shoots an arrow.
The arrow barely misses you.
The arrow barely misses your orc wizard skeleton.
The centaur warrior easily resists.
The centaur warrior shoots an arrow.
The arrow hits you!
You are too injured to fight recklessly!
You swap places.
The centaur warrior shoots an arrow.
The arrow hits you!!
* * * LOW HITPOINT WARNING * * *
The centaur warrior shoots an arrow.
The arrow hits your orc wizard skeleton!!
The centaur warrior shoots an arrow.
The arrow hits your orc wizard skeleton!!
Your orc wizard skeleton is destroyed!
Okay, then.
You feel much better.
The centaur warrior shoots an arrow.
The arrow completely misses you.
The centaur warrior shoots an arrow.
You reflect the arrow off an invisible shield around you!
The arrow hits the centaur warrior!!
Casting: Necrotise (safe; 1% risk of failure)
Confirm with . or Enter, or press ? or * to list all spells.
Aiming: Necrotise (safe; 1% risk of failure)
Press: ? - help, Shift-Dir - straight line, f/p - centaur warrior
Aim: a centaur warrior, wielding a +0 shortbow and wearing the ring of Cerun {rC+ Will+ rCorr} (severely wounded, ally target, chance to affect: 35%)
The centaur warrior easily resists.
The centaur warrior shoots an arrow.
The arrow hits you!
Casting: Necrotise (safe; 1% risk of failure)
Confirm with . or Enter, or press ? or * to list all spells.
Aiming: Necrotise (safe; 1% risk of failure)
Press: ? - help, Shift-Dir - straight line, f/p - centaur warrior
Aim: a centaur warrior, wielding a +0 shortbow and wearing the ring of Cerun {rC+ Will+ rCorr} (severely wounded, ally target, chance to affect: 35%)
The centaur warrior writhes in agony!
The centaur warrior shoots an arrow.
The arrow hits you!!
* * * LOW HITPOINT WARNING * * *
Your iguana zombie barely misses the centaur warrior.
You feel much better.
The centaur warrior shoots an arrow.
The arrow hits you!!
You die...
Kikubaaqudgha rasps: "You have failed me!
Welcome... death!"

##.# #..# #.## #.# #.#
#########.####
##.....##.....##
##..............#
#..........@....#
#......)........#
#...............#
#............cZ.#
#...............#
#...............# ###
##..............#♣♣.♣♣
♣♣♣♣♣
##..?..##......#♣...♣♣♣.♣♣.
############.......^..♣.♣.


You could see a centaur warrior (ally target) and a friendly iguana zombie.

Vanquished Creatures
  A deep elf pyromancer (D:7)
  Joseph (D:7)
  A troll (D:7)
  An acid dragon (D:7)
  4 water moccasins
  A sky beast (D:7)
  A black bear (D:4)
  4 ogres
  3 centaurs (D:7)
  4 kobold brigands (Sewer)
  2 phantoms
  2 bullfrogs (D:7)
  A necrophage (D:6)
  5 scorpions
  A wight (D:7)
  7 killer bees
  2 howler monkeys
  A gnoll bouda (D:7)
  3 jellies
  An orc priest (D:6)
  5 hounds
  6 iguanas
  6 orc wizards
  8 adders
  A river rat (Sewer)
  2 white imps (D:6)
  2 ufetubi (D:4)
  6 worms
  5 dart slugs
  16 orcs
  5 bats
  9 endoplasms
  4 giant cockroaches
  10 goblins
  7 hobgoblins
  11 jackals
  5 quokkas
  9 ball pythons
  5 frilled lizards
  7 kobolds
  14 rats
189 creatures vanquished.

Vanquished Creatures (collateral kills)
  A sky beast (D:7)
  An ogre (D:5)
  A kobold brigand (D:7)
  A scorpion (D:7)
  A hound (D:7)
  An iguana (D:7)
  2 adders (D:5)
  A worm (D:5)
  3 orcs
  A ball python (D:1)
  A bat (D:3)
14 creatures vanquished.

Vanquished Creatures (others)
  A centaur zombie (D:7)
  A black bear zombie (D:4)
  A killer bee zombie (D:7)
  2 ogre zombies
  2 hound zombies (D:7)
  A gnoll zombie (D:7)
  2 iguana zombies
  A jelly zombie (D:5)
  2 ball python zombies (D:4)
  2 dart slug zombies
  4 endoplasm zombies
  A goblin zombie (D:3)
  An orc zombie (D:3)
  A rat zombie (Sewer)
  A fungus (D:2)
  18 plants
41 creatures vanquished.

Grand Total: 244 creatures vanquished

Notes
Turn   | Place    | Note
-------+----------+-------------------------------------------
     0 | D:1      | Crownlay the Demonspawn Necromancer began the quest for the
                  | Orb.
     0 | D:1      | Reached XP level 1. HP: 13/13 MP: 3/3
   289 | D:1      | Gained mutation: You are partially covered in sharp spines.
                  | [demonic ancestry]
   289 | D:1      | Reached XP level 2. HP: 19/19 MP: 3/5
   394 | D:1      | Reached skill level 5 in Necromancy
  1163 | D:2      | Gained mutation: You have a small tail. [demonic ancestry]
  1163 | D:2      | Reached XP level 3. HP: 24/24 MP: 6/6
  1286 | D:2      | Reached skill level 6 in Necromancy
  1399 | D:2      | Gained mutation: You have an unusually large brain. (Int
                  | +2) [demonic ancestry]
  1399 | D:2      | Reached XP level 4. HP: 30/30 MP: 7/7
  1681 | D:2      | Found an iron altar of Okawaru.
  1965 | D:2      | Found a faded altar of an unknown god.
  2351 | D:3      | You fall into a shaft and drop 1 floor!
  2621 | D:3      | Noticed a water moccasin
  2626 | D:3      | Killed a water moccasin
  2627 | D:3      | Reached skill level 7 in Necromancy
  2627 | D:3      | Gained mutation: You regenerate a little health from kills.
                  | [demonic ancestry]
  2627 | D:3      | Reached XP level 5. HP: 35/35 MP: 8/8
  2631 | D:3      | Learned a level 3 spell: Vampiric Draining
  2636 | D:3      | Learned a level 4 spell: Animate Dead
  3036 | D:3      | Reached skill level 8 in Necromancy
  3036 | D:3      | Gained mutation: You have a tail ending in a sharp stinger.
                  | [demonic ancestry]
  3036 | D:3      | Reached XP level 6. HP: 21/41 MP: 9/9
  3488 | D:4      | Reached skill level 9 in Necromancy
  3490 | D:4      | Gained mutation: You have a sharp stinger which inflicts
                  | weakening toxins. [demonic ancestry]
  3490 | D:4      | Reached XP level 7. HP: 24/46 MP: 10/10
  3739 | D:4      | Found Paeh's Distillery.
  3745 | D:4      | Bought a potion of curing for 36 gold pieces
  3745 | D:4      | Bought a potion of haste for 120 gold pieces
  3745 | D:4      | Bought a potion of might for 48 gold pieces
  3751 | D:4      | Reached skill level 10 in Necromancy
  4462 | D:5      | Entered Level 5 of the Dungeon
  4517 | D:5      | Reached skill level 1 in Conjurations
  4517 | D:5      | Reached skill level 1 in Summonings
  4517 | D:5      | Reached skill level 1 in Transmutations
  4517 | D:5      | Reached skill level 1 in Earth Magic
  4621 | D:5      | Gained mutation: You are mostly covered in sharp spines.
                  | [demonic ancestry]
  4621 | D:5      | Reached XP level 8. HP: 41/52 MP: 11/12
  5106 | D:6      | Found a glowing drain.
  5134 | Sewer    | Entered a sewer
  6159 | D:6      | Found a staircase to the Ecumenical Temple.
  6167 | Temple   | Entered the Ecumenical Temple
  6323 | Temple   | Became a worshipper of Kikubaaqudgha
  6455 | D:6      | Found Loedeumi's General Store.
  6458 | D:6      | Found Halipaamm's Specific Store.
  6462 | D:6      | Bought a scroll of poison for 60 gold pieces
  6555 | D:6      | Reached skill level 1 in Fighting
  6657 | D:6      | Reached skill level 1 in Evocations
  6761 | D:6      | Reached skill level 1 in Shields
  6846 | D:6      | Identified the amulet of Attitude {Reflect Rampage SH+5}
  6851 | D:6      | Reached XP level 9. HP: 57/59 MP: 14/14
  7105 | D:6      | Identified the +9 dagger of Spite {flame, Str+2}
  7145 | D:7      | Noticed Joseph
  7159 | D:7      | Killed Joseph
  7201 | D:7      | Noticed a troll
  7213 | D:7      | Killed a troll
  7461 | D:7      | Found Olasim's Weapon Shoppe.
  7481 | D:7      | Reached * piety under Kikubaaqudgha
  7481 | D:7      | Received a gift from Kikubaaqudgha
  7779 | D:7      | Reached XP level 10. HP: 14/71 MP: 17/17
  8007 | D:7      | Noticed a deep elf pyromancer
  8016 | D:7      | Killed a deep elf pyromancer
  8017 | D:7      | Reached skill level 5 in Spellcasting
  8017 | D:7      | Reached skill level 11 in Necromancy
  8099 | D:7      | Found Uxuityen's Magic Scroll Emporium.
  8102 | D:7      | Bought a scroll of teleportation for 42 gold pieces
  8192 | D:7      | Identified the ring of Cerun {rC+ Will+ rCorr}
  8192 | D:7      | Noticed a centaur warrior
  8201 | D:7      | HP: 2/73 [centaur warrior/arrow (29)]
  8202 | D:7      | Shot with an arrow by a centaur warrior

Illustrated notes

Levels and vault maps discovered:
D:1:      lightli_arrival_statuegarden, layout_loops_ring,
          kennysheep_nondescript, minmay_surrounded
D:2:      layout_loops_cross, basic_altar,
          dreamdust_ecumenical_altar_hidden_monk_grotto, kennysheep_nub,
          dk_noncrumbling_2, hangedman_decor_push
D:3:      layout_basic, minmay_fractal_squares_gapless_5
D:4:      layout_gridville, serial_co_window_serial, co_window_of_opportunity_a,
          co_window_paths_a, co_window_paths_a, co_window_paths_a,
          co_window_corner_a, co_window_broadway_b, co_window_unsneaky_path_b,
          co_window_corner_b, co_window_broadway_b, co_window_corner_b,
          co_window_corner_b, co_window_sun, glass_columns_a, serial_shops,
          shop, hangedman_minor_gate_pass
D:5:      cheibrodos_helix_gallery, layout_rooms, general_overflow_altar
D:6:      layout_basic, minmay_temple_entry_water_ring, portal_sewer_entry_f,
          nicolae_specific_store
D:7:      nzn_winding_woodlands_large [nzn_winding_woodlands_5x5_open_star,
          nzn_winding_woodlands_5x15_pool,
          nzn_winding_woodlands_5x5_checkerboard,
          nzn_winding_woodlands_center_garden,
          nzn_winding_woodlands_15x15_thick_spiral,
          nzn_winding_woodlands_center_diamonds,
          nzn_winding_woodlands_hourglass, nzn_winding_woodlands_5x15_cabin,
          nzn_winding_woodlands_5x5_default], layout_rooms, serial_shops,
          kennysheep_mini, nicolae_shop_competitors_out_of_business,
          grunt_decor_one_mirror, interstate_on_off, uniq_joseph
Temple:   nicolae_temple_slightly_damp_pantheon

Skill      XL: |  1  2  3  4  5  6  7  8  9 10 |
---------------+-------------------------------+-----
Necromancy     | 5 6 7 8 9 10 11 | 11.0
Conjurations   | 1 4 |  4.0
Summonings     | 1 |  1.0
Transmutations | 1 3 |  3.0
Earth Magic    | 1 3 4 |  4.0
Spellcasting   | 3 4 5 |  5.0
Fighting       | 1 3 4 |  4.4
Evocations     | 1 3 4 |  4.3
Shields        | 1 3 |  3.9
Dodging        | |  1.7
Stealth        | |  1.7

Action                   |  1- 3 |  4- 6 |  7- 9 | 10-12 || total
-------------------------+-------+-------+-------+-------++-------
Melee: Club              |     5 |       |       |       ||     5
       Punch             |     1 |       |       |       ||     1
       Dagger            |       |    26 |   147 |     6 ||   179
       Tailslap          |       |     3 |    24 |     1 ||    28
 Cast: Necrotise         |    51 |    63 |   152 |    24 ||   290
       Animate Dead      |       |     4 |    13 |     2 ||    19
       Vampiric Draining |       |       |     8 |     4 ||    12
  Use: Scroll            |       |     2 |     1 |       ||     3
       Potion            |       |       |       |     2 ||     2
 Stab: Sleeping          |       |     1 |     1 |       ||     2
       Distracted        |       |       |     1 |       ||     1
Armor: Ring mail         |     5 |    17 |    44 |     1 ||    67
Dodge: Dodged            |     4 |    29 |    66 |     9 ||   108
Block: Buckler           |       |       |    30 |     9 ||    39
       Reflection        |       |       |     6 |     6 ||    12
       Other             |       |       |     2 |       ||     2

Table legend: (Time is in decaauts)
 A = Elapsed time spent in this place.
 B = Non-inter-level travel time spent in this place.
 C = Inter-level travel time spent in this place.
 D = Time resting spent in this place.
 E = Time spent auto-exploring this place.
 F = Levels seen in this place.
 G = Mean time per level.
                   A        B        C        D        E       F      G
               +--------+--------+--------+--------+--------+-----+--------+
         Total |   8364 |   8129 |    235 |      0 |   6600 |   9 |  929.3 |
       Dungeon |   7037 |   6820 |    217 |      0 |   5529 |   7 | 1005.3 |
        Temple |    175 |    157 |     18 |      0 |    132 |   1 |  175.0 |
         Sewer |   1151 |   1151 |      0 |      0 |    939 |   1 | 1151.0 |
               +--------+--------+--------+--------+--------+-----+--------+

Top non-repeatable levels by time:
     D:4: 1365 daAuts
   Sewer: 1151 daAuts
     D:1: 1071 daAuts
     D:2: 1012 daAuts
     D:3: 1012 daAuts
     D:6: 983 daAuts
     D:7: 959 daAuts
     D:5: 633 daAuts
  Temple: 175 daAuts
